 Dungeon Crawl Stone Soup version 0.20.0-15-g7f486f2 (webtiles) character file.

84 JarielCorvus the Magician (level 4, -1/24 HPs)
             Began as a Deep Elf Wizard on June 22, 2017.
             Killed from afar by an orc wizard (13 damage)
             ... with a puff of flame
             ... on level 3 of the Dungeon.
             The game lasted 00:04:28 (1847 turns).

JarielCorvus the Magician (Deep Elf Wizard)         Turns: 1847, Time: 00:04:28

Health: -1/24      AC:  4    Str:  4    XL:     4   Next: 24%
Magic:  2/14       EV: 13    Int: 24    God:
Gold:   43         SH:  0    Dex: 13    Spells: 11/16 levels left

rFire    . . .     SeeInvis .   i - +0 short sword
rCold    . . .     Gourm    .   (no shield)
rNeg     . . .     Faith    .   a - +1 robe
rPois    .         Spirit   .   b - +1 hat
rElec    .         Reflect  .   (no cloak)
rCorr    .         Harm     .   (no gloves)
MR       .....                  (no boots)
Stlth    ++........             (no amulet)
Regen    0.1/turn               (no ring)
MPRegen  0.2/turn               (no ring)

@: very slightly contaminated
A: no striking features
a: no special abilities


You were on level 3 of the Dungeon.
You were hungry.

You visited 1 branch of the dungeon, and saw 3 of its levels.

You collected 43 gold pieces.

Inventory:

Hand Weapons
 i - a +0 short sword (weapon)
Armour
 a - a +1 robe (worn)
 b - a +1 hat (worn)
Jewellery
 p - an uncursed amulet of harm {unknown}
Scrolls
 g - a scroll of identify
 l - a scroll of enchant armour
Potions
 e - 2 potions of heal wounds
 h - a potion of haste {unknown}
 j - a potion of curing {unknown}
 m - a potion of magic {unknown}
Books
 c - a book of Minor Magic

   Spells                             Type                      Level
   a - Magic Dart                     Conjuration                  1
   b - Blink                          Translocation                2
   c - Call Imp                       Summoning                    2
   d - Slow                           Hexes                        2
   e - Conjure Flame                  Conjuration/Fire             3
   f - Mephitic Cloud                 Conjuration/Poison/Air       3
Comestibles
 d - 2 bread rations
 f - 3 fruits
 q - a meat ration


   Skills:
 - Level 2.4 Dodging
 - Level 2.4 Stealth
 * Level 6.5 Spellcasting
 + Level 2.1 Conjurations
 - Level 1.1 Summonings
 - Level 1.1 Translocations


You had 11 spell levels left.
You knew the following spells:

 Your Spells              Type           Power        Failure   Level  Hunger
a - Magic Dart            Conj           ###.         3%          1    None
b - Blink                 Tloc           N/A          7%          2    None
c - Call Imp              Summ           ##......     7%          2    None


Dungeon Overview and Level Annotations

Branches:
Dungeon (3/15)

Altars:


Message History

The magic dart hits the orc wizard.
The orc wizard is moderately wounded.
The orc wizard hits you with a dagger.
The orc wizard casts a spell.
The orc wizard flickers and vanishes!
Deactivating autopickup; reactivate with Ctrl-A.
The orc wizard casts a spell.
The orc wizard blinks!
Something hits you.
You miss something. Something hits you but does no damage.
You barely miss something. Something hits you.
You hit something. Something hits you.
The orc wizard mumbles some strange words.
The orc wizard blinks!
You hit something.
You hear some strange, mumbled words.
A puff of flame appears from out of thin air!
The puff of flame hits you!
Ouch! That really hurt!
You die...

## #........#
...
#).>.....#
..##........#
.....)....#
#........#
#.(.o....#
#......>.#
##{#######
####@##### #
#........# #.
#........#
#.##.†......#
#..#....[...#
#..........#
##..>#######
..(#####.###
.........<.#


You could see an orc wizard.

Vanquished Creatures
  3 adders
  2 dart slugs
  3 leopard geckos (D:1)
  2 orcs (D:3)
  3 ball pythons
  4 giant cockroaches
  4 goblins
  4 hobgoblins
  5 jackals
  4 bats
  A frilled lizard (D:2)
  4 kobolds
  6 rats
45 creatures vanquished.

Notes
Turn   | Place    | Note
-------+----------+-------------------------------------------
     0 | D:1      | JarielCorvus the Deep Elf Wizard began the quest for the Orb.
     0 | D:1      | Reached XP level 1. HP: 10/10 MP: 7/7
   182 | D:1      | Reached skill level 5 in Spellcasting
   221 | D:1      | Reached XP level 2. HP: 15/15 MP: 6/10
   326 | D:1      | Learned a level 2 spell: Blink
   329 | D:1      | Learned a level 2 spell: Call Imp
   622 | D:1      | Reached XP level 3. HP: 19/19 MP: 4/12
  1213 | D:2      | Reached skill level 6 in Spellcasting
  1734 | D:2      | Reached XP level 4. HP: 24/24 MP: 7/14
  1847 | D:3      | Killed from afar by an orc wizard

Skill      XL: |  1  2  3 |
---------------+----------+-----
Spellcasting   | 5 6 |  6.5
Conjurations   | 2 |  2.1
Dodging        | |  2.4
Stealth        | |  2.4
Summonings     | |  1.1
Translocations | |  1.1

Action                   |  1- 3 |  4- 6 || total
-------------------------+-------+-------++-------
Melee: Short sword       |       |     4 ||     4
 Cast: Magic Dart        |   102 |    17 ||   119
  Use: Scroll            |     1 |     6 ||     7
  Eat: Chunk             |     2 |       ||     2
Armor: Robe              |     2 |     2 ||     4
Dodge: Dodged            |     6 |     1 ||     7
